[Event "Fall IM-D Norm Invitational 2022"]
[Site "Charlotte"]
[Date "2022.11.18"]
[Round "2"]
[White "Estrada Nieto, Julian"]
[Black "Petenyi, Tamas"]
[Result "1/2-1/2"]
[ECO "C60"]
[WhiteElo "2241"]
[BlackElo "2410"]
[Annotator "TA"]
[PlyCount "64"]
[EventDate "2022.11.18"]
[EventType "tourn"]
[EventCountry "USA"]
[SourceTitle "playchess.com"]
[Source "ChessBase"]
[SourceQuality "1"]
[TimeControl "5400+30"]

1. e4 e5 2. Nf3 Nc6 3. Bb5 Nge7 4. Nc3 Ng6 5. d4 Nxd4 6. Nxd4 {[%emt 0:00:21] C60: Ruy Lopez: Unusual Black 3rd moves and 3...g6.} exd4 7. Qxd4 c6 8. Be2 {[%emt 0:00:44] White has an edge.} Qb6 9. Qd2 Be7 10. b3 O-O 11. Bb2 {[%emt 0:00:50] [#]} d6 $146 ({Black should play} 11... Re8 $11) ({Predecessor:} 11... Qa5 12. f4 d6 13. g3 f5 14. O-O-O fxe4 15. Nxe4 Qxd2+ 16. Nxd2 d5 17. c4 Be6 {1-0 (44) Aronian,L (2785)-Sadhwani,R (2616) Chess.com INT 2022}) 12. f4 $14 f5 13. Rf1 $2 (13. exf5 $14 {keeps the upper hand.} Rxf5 14. g3) 13... fxe4 $1 $17 14. Nxe4 {[%emt 0:00:09] [#] Threatens to win with Qc3.} d5 $1 15. Nc3 {[%emt 0:06:52] [#]} ({Not} 15. Qc3 $2 Bb4 16. O-O-O Bxc3 $19) 15... Qc7 (15... Bd6 $142 $1 16. g3 Bh3) 16. g3 Bh3 17. Rf3 Rad8 18. O-O-O Bf6 {[%emt 0:02:45] Against Qd4} (18... a5 $15) 19. Na4 Bxb2+ 20. Nxb2 Rfe8 21. Re3 Qb6 22. Rxe8+ Rxe8 23. Bh5 Re7 24. Re1 Rxe1+ 25. Qxe1 {[%emt 0:00:01] Intending Qe8+ and mate.} Nf8 26. Nd3 {[%emt 0:03:54] Strongly threatening Qe7.} g6 27. Bf3 Bf5 {[%emt 0:00:07] The position is equal.} 28. Ne5 Qc5 29. Qd2 Nd7 30. Nxd7 {[%emt 0:01:41] Active counter play!} Bxd7 31. Kb2 Bf5 32. g4 Bd7 {[%emt 0:01:31] Weighted Error Value: White=0.17 (very precise) /Black=0.11 (very precise)} 1/2-1/2

[Event "Fall IM-D Norm Invitational 2022"]
[Site "Charlotte"]
[Date "2022.11.18"]
[Round "2"]
[White "Eidelman, Gabriel"]
[Black "Malicka, Maria"]
[Result "1-0"]
[ECO "E35"]
[WhiteElo "2197"]
[BlackElo "2275"]
[Annotator "TA"]
[PlyCount "67"]
[EventDate "2022.11.18"]
[EventType "tourn"]
[EventCountry "USA"]
[SourceTitle "playchess.com"]
[Source "ChessBase"]
[SourceQuality "1"]
[TimeControl "5400+30"]

1. d4 Nf6 2. c4 e6 3. Nc3 Bb4 4. Qc2 d5 5. cxd5 exd5 6. Bg5 c5 7. dxc5 h6 8. Bh4 g5 9. Bg3 Ne4 10. e3 {[%emt 0:00:43] E35: Nimzo-Indian: Classical: 4...d5 5 cxd5 exd5.} Qa5 11. Rc1 $1 {[%emt 0:01:00][%mdl 4] White wants to play Bd3. is currently scoring better than 11.Nge2.} Qxa2 (11... Qxc5 12. Bd3 $14) 12. Bb5+ {[%emt 0:00:27] The position is equal.} Bd7 13. Bxd7+ Nxd7 14. Nge2 {[%emt 0:00:13] [#] Threatens to win with 0-0.} Nxc3 (14... Nexc5 $2 15. O-O Qc4 16. Rfd1 $18) ({But not} 14... Nxg3 15. hxg3 Qa6 16. O-O $18) 15. Nxc3 {[%emt 0:00:16] aiming for 0-0.} Qc4 (15... Nxc5 $2 16. O-O Qb3 17. Qf5 $18) 16. Rd1 Qe4 17. Qd2 Qxg2 18. Ke2 {[%emt 0:00:11] [#] Hoping for Rhg1.} Bxc3 $146 (18... Bxc5 $2 19. Nxd5 Rc8 20. Rhg1 $18 (20. Nc7+ Rxc7 21. Bxc7 Qg4+ 22. Kf1 Be7 $16)) ({Predecessor:} 18... g4 19. Qxd5 Qf3+ 20. Qxf3 gxf3+ 21. Kxf3 Bxc3 22. bxc3 Nxc5 23. Rhg1 Ne6 24. Be5 Rf8 {½-½ (40) Kantor,G (2514)-Xu,Y (2528) Leanyfalu 2019}) 19. Qxc3 O-O 20. Rhg1 {[%emt 0:26:32][%mdl 1024] White has compensation.} Qe4 21. Rd4 Qe6 (21... Qg6 $11) 22. Bd6 Rfc8 23. h4 f6 {[%emt 0:04:21][%mdl 8192] This costs Black the game.} (23... b6 $14 24. hxg5 h5) 24. Qd3 $18 Kg7 {[%emt 0:16:57] Inhibits Qg6+.} (24... Ne5 $142 25. Bxe5 fxe5 26. Rxd5 e4) 25. Rxd5 Rh8 26. Qb3 (26. h5 Rh7 $16) (26. hxg5 $142 hxg5 27. Bf4 Nxc5 28. Rxc5) 26... Qe4 $2 (26... Rae8 27. Qxb7 (27. hxg5 hxg5 28. Qxb7 Rh7 $18) 27... Kg8) 27. Qxb7 Qc4+ 28. Kf3 Kg6 29. Rg4 Qf1 30. Qxd7 {[%emt 0:00:57][%cal Oh4h5] h5+! would kill now.} Qh1+ 31. Rg2 {[%emt 0:00:11] White wants to mate with Be7.} Qxh4 32. Qf5+ {[%emt 0:00:54] White mates.} Kg7 33. Rh2 Qc4 34. Be7 {[%emt 0:00:45] Weighted Error Value: White=0.19 (very precise) /Black=0.67} 1-0

[Event "Fall IM-D Norm Invitational 2022"]
[Site "Charlotte"]
[Date "2022.11.18"]
[Round "2"]
[White "Liu, Eric"]
[Black "Marek, Matyas"]
[Result "1/2-1/2"]
[ECO "B56"]
[WhiteElo "2182"]
[BlackElo "2346"]
[Annotator "TA"]
[PlyCount "70"]
[EventDate "2022.11.18"]
[EventType "tourn"]
[EventCountry "USA"]
[SourceTitle "playchess.com"]
[Source "ChessBase"]
[SourceQuality "1"]
[TimeControl "5400+30"]

1. e4 c5 2. Nf3 d6 3. d4 cxd4 4. Nxd4 Nf6 5. Nc3 Nc6 6. f3 e5 7. Nb3 Be7 8. Nd5 {[%emt 0:04:59] B56: Classical Sicilian: Unusual Lines.} Nxd5 9. exd5 Nb8 10. Be3 {[%emt 0:01:21] [#]} Bh4+ $146 ({Predecessor:} 10... O-O 11. c4 Nd7 12. Bd3 Bh4+ 13. g3 Bg5 14. Bxg5 Qxg5 15. Qd2 Qe7 16. Qe2 Qg5 {0-1 (41) Caceres Recalde,F (1863)-Shumyatsky,V (2052) Villa Carlos Paz 2008}) 11. g3 Bg5 12. Qd2 Bxe3 13. Qxe3 O-O 14. O-O-O Nd7 15. Bd3 a5 16. a3 f5 17. f4 a4 18. Nd2 e4 19. Be2 Nc5 20. Qd4 b5 21. Kb1 Rb8 22. Rhe1 Qb6 23. c3 Qc7 24. Qb4 Rf6 25. Nf1 Rh6 26. Qd4 Nb3 27. Qf2 Bd7 28. Ne3 Qc5 29. Bf1 Rf6 30. Re2 Be8 31. Rc2 Bh5 32. Be2 Bf7 33. h3 Re8 34. Qg1 ({White should try} 34. g4 $11 Bg6 35. gxf5 Bxf5 36. Bg4) 34... Kh8 (34... Rf8 $15) 35. Qf2 $14 Kg8 {[%emt 0:06:07] Weighted Error Value: White=0.11 (very precise) /Black=0.10 (very precise)} 1/2-1/2

[Event "Fall IM-D Norm Invitational 2022"]
[Site "Charlotte"]
[Date "2022.11.18"]
[Round "2"]
[White "Willy, Stephen"]
[Black "Lee, Alice"]
[Result "0-1"]
[ECO "B22"]
[WhiteElo "2159"]
[BlackElo "2284"]
[Annotator "TA"]
[PlyCount "82"]
[EventDate "2022.11.18"]
[EventType "tourn"]
[EventCountry "USA"]
[SourceTitle "playchess.com"]
[Source "ChessBase"]
[SourceQuality "1"]
[TimeControl "5400+30"]

1. e4 c5 2. c3 Nf6 3. e5 Nd5 4. d4 cxd4 5. Nf3 Nc6 6. Bc4 Nb6 7. Bb3 d5 8. exd6 Qxd6 9. O-O Be6 10. Na3 dxc3 11. Nb5 Qxd1 12. Rxd1 Rc8 13. Bxe6 fxe6 14. bxc3 g6 {[#] B22: Sicilian: 2 c3.} 15. Re1 $146 ({Predecessor:} 15. Ng5 e5 16. Be3 Bh6 17. Nxa7 Nxa7 18. Bxb6 Bxg5 19. Bxa7 Rxc3 20. Rdb1 Kf7 21. Rxb7 Rhc8 22. g3 {½-½ (34) Pap,M (2482)-Brkic,A (2565) Biograd 2018}) 15... Na4 16. Rxe6 a6 {Black has an edge.} 17. Nbd4 Nd8 18. Re1 Nxc3 19. Ba3 {[%emt 0:00:30] aiming for Rac1.} Nd5 20. Re5 Nb6 21. Rae1 Rc7 22. Bc5 Nc4 23. Rd5 Bg7 {[#]} (23... Rd7 $11 24. Rxd7 Kxd7) 24. Rxd8+ $1 $16 {[%emt 0:00:30][%mdl 64] Remove Defender, Decoy} Kxd8 25. Ne6+ Kc8 {And now ...Rc6 would win.} 26. Nxc7 Kxc7 27. Rxe7+ Kc6 28. Rxg7 Kxc5 29. Rxb7 {[%emt 0:00:30][%mdl 4096] Endgame KRN-KRN} a5 30. Ng5 ({White should play} 30. Kf1 $16) 30... Re8 $1 $11 31. f3 {[%emt 0:00:30] Strongly threatening Ne4+.} (31. g4 $5 ) 31... Re1+ 32. Kf2 Ra1 33. Ne6+ ({But not} 33. Nxh7 Rxa2+ 34. Kg3 a4 $15) (33. a4 $11) 33... Kd6 $15 34. Nf4 Rxa2+ 35. Ne2 $2 {[%emt 0:00:30] [#] This move loses the game for White.} (35. Kg3 $15) 35... a4 $1 $19 36. f4 a3 {...Rd2 is the strong threat.} 37. g4 (37. Kf3 $142) 37... Rb2 38. Ra7 (38. Rxb2 axb2 39. Nc3) 38... a2 {Black is clearly winning.} 39. f5 gxf5 40. g5 Nd2 41. Ke3 Nb3 {Weighted Error Value: White=0.51/Black=0.16 (very precise)} 0-1

[Event "Fall IM-D Norm Invitational 2022"]
[Site "Charlotte"]
[Date "2022.11.18"]
[Round "2"]
[White "De La Colina, Nicolas"]
[Black "Amburgy, Ryan"]
[Result "1-0"]
[ECO "C53"]
[WhiteElo "2123"]
[BlackElo "2175"]
[Annotator "TA"]
[PlyCount "91"]
[EventDate "2022.11.18"]
[EventType "tourn"]
[EventCountry "USA"]
[SourceTitle "playchess.com"]
[Source "ChessBase"]
[SourceQuality "1"]
[TimeControl "5400+30"]

1. e4 e5 2. Nf3 Nc6 3. Bc4 Bc5 4. c3 Nf6 5. d3 O-O 6. Bb3 d5 7. Nbd2 dxe4 {[%emt 0:03:46] C54: Giuoco Piano: 4 c3 Nf6, main lines with 5 d4 and 5 d3.} 8. dxe4 Qe7 9. O-O Bg4 {[%emt 0:04:48] The position is equal.} 10. h3 Bh5 11. Re1 {[%emt 0:01:25] [#]} Rfd8 $146 ({Predecessor:} 11... Rad8 12. Qe2 h6 13. Nf1 Bg6 14. Ng3 a6 15. Nh4 Bh7 16. Qf3 Ne8 17. Nhf5 Qf6 18. Nh5 Qg6 19. g4 Ne7 {0-1 (19) De Leon,F (800)-Slavin,P (1098) LSS email 2010}) 12. Qe2 a5 13. a4 h6 14. Nf1 Bg6 15. Bc2 (15. Ng3 {feels hotter.} Bh7 16. Nh4 Qd6 17. Qc4) 15... Ra6 16. Nh4 Rb6 17. Ng3 Kh7 18. Ngf5 Qe6 19. g4 Ng8 20. Bd3 Nce7 21. Nf3 Qd7 $2 {[%emt 0:01:33] A mistake that costs the game.} (21... Nc8 $16) 22. Nxe5 $18 Qe6 23. Bf4 Qc8 24. Rad1 f6 25. Nf3 Nxf5 26. exf5 Bf7 27. Bc4 Re8 (27... Rxd1 {keeps fighting.} 28. Rxd1 Rxb2 29. Qxb2 Bxc4) 28. Qd3 (28. Bxf7 $142 Rxe2 29. Rxe2) 28... Rxe1+ 29. Nxe1 ({Don't take} 29. Rxe1 Qf8 30. b3 (30. Bxc7 Bxf2+ 31. Kxf2 Qc5+ 32. Qe3 Rxb2+ 33. Re2 Rxe2+ 34. Bxe2 Qxc7 $11) 30... Bd6 $18) 29... Qe8 30. Bxf7 ({Weaker is} 30. Bxc7 Bxf2+ 31. Kxf2 Rxb2+ 32. Kg1 Bxc4 33. Qxc4 Qe3+ 34. Kh1 Qxh3+ 35. Kg1 Qe3+ 36. Kh1 Qh3+ 37. Kg1 Qe3+ 38. Kh1 Qh3+ $11) 30... Qxf7 31. Qd5 Qe7 32. Nd3 Bd6 33. Be3 Rc6 34. Re1 Qd7 {[%emt 0:01:44][%cal Od6h2] [#] Hoping for ...Bh2+!} 35. Qxa5 Ra6 36. Qb5 c6 37. Qc4 Ne7 $2 (37... b5 38. axb5 cxb5) 38. Qf7 {[%emt 0:03:24][%cal Oe3h6] And now Bxh6! would win.} Ra5 {[%emt 0:01:47] [#]} 39. Bd4 (39. Bxh6 $142 $1 Nxf5 40. Qxd7 Nxh6 41. Qxd6) 39... Rxf5 40. gxf5 Qxf5 41. Rxe7 Bxe7 42. Qxe7 {[%emt 0:00:24][%cal Od4f6] Black must now prevent Bxf6!} Qxd3 43. Bxf6 Qd1+ 44. Kh2 Kg6 45. Qxg7+ Kf5 46. Qg4+ {[%emt 0:00:14] Weighted Error Value: White=0.26 (precise) /Black=0.43} 1-0

[Event "Fall IM-D Norm Invitational 2022"]
[Site "Charlotte"]
[Date "2022.11.20"]
[Round "5"]
[White "Petenyi, Tamas"]
[Black "De La Colina, Nicolas"]
[Result "1/2-1/2"]
[ECO "B30"]
[WhiteElo "2410"]
[BlackElo "2123"]
[Annotator "TA"]
[PlyCount "62"]
[EventDate "2022.11.18"]
[EventType "tourn"]
[EventCountry "USA"]
[SourceTitle "playchess.com"]
[Source "ChessBase"]
[SourceQuality "1"]
[TimeControl "5400+30"]

1. e4 c5 2. Nf3 Nc6 3. Bb5 Nf6 4. Qe2 g6 5. e5 Nd5 6. Nc3 {[%emt 0:01:21] B30: Sicilian: 2...Nc6 3 Bb5, lines without ...g6.} Nc7 7. Ne4 Ne6 8. Bxc6 dxc6 9. d3 Bg7 10. Be3 {[%emt 0:01:59] [#]} b6 $146 ({Predecessor:} 10... O-O 11. O-O Nd4 12. Bxd4 cxd4 13. h3 Qd5 14. Ned2 c5 15. c3 dxc3 16. bxc3 Bf5 {½-½ (64) Ahlberg,G (2210)-Hevendehl,H Bad Wildbad 1998}) 11. O-O-O (11. a4 $11) 11... O-O (11... Nd4 $15 12. Bxd4 cxd4) 12. Qd2 Nd4 13. Nxd4 (13. Bh6 $11) 13... cxd4 $15 14. Bh6 Qd5 $1 15. Bxg7 Kxg7 16. Qg5 {[%emt 0:00:33] [#]} Qe6 ({Black should play} 16... Re8 $1 $17 17. b3 a5) 17. Kb1 h6 18. Qh4 Qxe5 19. f4 Qc7 20. g4 {[%emt 0:01:05] [#] Prevents Bf5.} (20. Rde1 $11 {remains equal.}) 20... Bxg4 $1 21. Qxg4 f5 22. Ng5 $1 {[%emt 0:00:13] Ne6+ is the strong threat.} Qd6 {[%emt 0:00:59] Inhibits Ne6+.} ({Resist} 22... fxg4 23. Ne6+ Kf7 24. Nxc7 $16) 23. Qg3 {[%emt 0:02:22] Black must now prevent Nf3.} hxg5 24. Qxg5 Qf6 {[%emt 0:00:42] Threatens to win with ...Qxg5.} 25. Qg2 (25. Qg3 $15 {should be considered.}) 25... Rh8 (25... e5 $17 26. fxe5 Qxe5) 26. Rde1 Rad8 27. Re2 Rd6 28. Rhe1 e6 {[%emt 0:00:20] The position is equal.} 29. a3 Kf7 30. Rg1 Rh6 31. Qf3 Qh8 {[%emt 0:03:56] Weighted Error Value: White=0.17 (very precise) /Black=0.15 (very precise)} 1/2-1/2

[Event "Fall IM-D Norm Invitational 2022"]
[Site "Charlotte"]
[Date "2022.11.20"]
[Round "5"]
[White "Marek, Matyas"]
[Black "Amburgy, Ryan"]
[Result "1/2-1/2"]
[ECO "E10"]
[WhiteElo "2346"]
[BlackElo "2175"]
[Annotator "TA"]
[PlyCount "43"]
[EventDate "2022.11.18"]
[EventType "tourn"]
[EventCountry "USA"]
[SourceTitle "playchess.com"]
[Source "ChessBase"]
[SourceQuality "1"]
[TimeControl "5400+30"]

1. d4 Nf6 2. c4 e6 3. Nf3 d5 4. e3 Be7 5. b3 O-O 6. Bd3 c5 7. O-O Nc6 8. Bb2 cxd4 9. exd4 b6 10. Nbd2 Bb7 11. Rc1 Rc8 12. Qe2 Re8 {[%emt 0:00:38] [#]} {Predecessor:} 13. Rfe1 $146 {E14: Queen's Indian: Classical Variation (4 e3).} Bf8 14. h3 g6 15. Qe3 Bg7 16. a3 Nd7 17. cxd5 exd5 18. Qxe8+ Qxe8 19. Rxe8+ Rxe8 20. b4 Nf8 21. Ne5 Rc8 22. Nxc6 {½-½ (22) Sargissian,G (2672)-Anand,V (2782) Riadh 2017} 1/2-1/2

[Event "Fall IM-D Norm Invitational 2022"]
[Site "Charlotte"]
[Date "2022.11.20"]
[Round "5"]
[White "Lee, Alice"]
[Black "Eidelman, Gabriel"]
[Result "1/2-1/2"]
[ECO "D35"]
[WhiteElo "2284"]
[BlackElo "2197"]
[Annotator "TA"]
[PlyCount "70"]
[EventDate "2022.11.18"]
[EventType "tourn"]
[EventCountry "USA"]
[SourceTitle "playchess.com"]
[Source "ChessBase"]
[SourceQuality "1"]
[TimeControl "5400+30"]

1. d4 d5 2. c4 e6 3. Nc3 Nf6 4. cxd5 exd5 5. Bg5 Be7 6. e3 O-O 7. Bd3 c6 8. Qc2 Nbd7 9. Nge2 Re8 10. O-O Nf8 11. f3 Ng6 {[%emt 0:00:18] 11...g6 is the modern continuation.} 12. Rae1 h6 {[%emt 0:01:02] D36: Queen's Gambit Declined: Exchange Variation: Main line (5 Bg5 c6 6 Qc2).} 13. Bxf6 Bxf6 14. Ng3 Nf8 {[%emt 0:00:10] [#]} 15. Nh5 $146 ({Predecessor:} 15. Kh1 Bh4 16. Qf2 Qc7 17. e4 Be6 18. e5 f5 19. f4 Qf7 20. Qe3 Ng6 21. b4 {1-0 (64) Handke,F (2260)-Doleschal,J (2035) Regensburg 1998}) 15... Bh4 16. g3 Bg5 17. f4 Be7 {[%emt 0:04:01] aiming for ...g6.} 18. f5 {[%emt 0:00:41] Prevents g6.} Nh7 $1 19. Qg2 Bd7 (19... Nf6 $15 20. Nxf6+ Bxf6) 20. Bb1 Bf6 21. h4 Qe7 22. Qf2 Qd6 23. e4 dxe4 24. Nxe4 Qd5 25. Nhxf6+ Nxf6 26. Nxf6+ gxf6 27. g4 (27. Kh2 $11) 27... c5 $15 28. dxc5 ({Avoid the trap} 28. Rxe8+ $2 Rxe8 29. Bc2 Bc6 $19) 28... Bc6 29. Kh2 {[%emt 0:00:21] Inhibits Qh1+.} Rxe1 30. Rxe1 Re8 31. Rxe8+ Bxe8 32. Bc2 {[%emt 0:02:41] [#]} (32. Qg2 $11 Qe5+ 33. Kh3) 32... Qe5+ $1 $17 ({But not} 32... Bc6 $6 33. Bb3 (33. Kh3 Qxa2 34. Bd3 Qb3 $17) 33... Qd3 34. Bc2 $11) 33. Kg1 {[%emt 0:00:32] [#]} Qxb2 (33... Bc6 $1 $17 34. Bb3 a5) 34. Be4 $11 Qc1+ 35. Kh2 Bc6 {[%emt 0:00:13] Weighted Error Value: White=0.14 (very precise) /Black=0.11 (very precise)} 1/2-1/2

[Event "Fall IM-D Norm Invitational 2022"]
[Site "Charlotte"]
[Date "2022.11.20"]
[Round "5"]
[White "Malicka, Maria"]
[Black "Willy, Stephen"]
[Result "1-0"]
[ECO "B11"]
[WhiteElo "2275"]
[BlackElo "2159"]
[Annotator "TA"]
[PlyCount "41"]
[EventDate "2022.11.18"]
[EventType "tourn"]
[EventCountry "USA"]
[SourceTitle "playchess.com"]
[Source "ChessBase"]
[SourceQuality "1"]
[TimeControl "5400+30"]

1. e4 c6 2. Nc3 d5 3. Nf3 Bg4 4. h3 Bxf3 5. Qxf3 e6 6. Be2 Bc5 {[%emt 0:00:19] B11: Caro-Kann: Two Knights Variation.} 7. O-O Nd7 8. Qg3 Bd4 {[%emt 0:04:17] The position is equal.} 9. d3 Ngf6 {[%emt 0:02:39] [#]} (9... Ne7 $11) 10. Qxg7 $146 ({Predecessor:} 10. exd5 exd5 11. Bf4 O-O 12. Bc7 Qe8 13. Rfe1 Be5 14. Bxe5 Qxe5 15. Qxe5 Nxe5 16. d4 {½-½ (24) Garrido Fernandez,D (2216)-Blasco Coll,A (2240) Barcelona 2019}) 10... Rg8 11. Qh6 $36 {[%emt 0:00:05][%mdl 2048] White is in control. White is more active.} Qc7 12. Qh4 {[%emt 0:14:20] And now exd5 would win.} Bxc3 13. bxc3 Qe5 (13... dxe4 $16 {was worth a try.} 14. dxe4 Rg6) 14. Rb1 $18 Qxc3 15. exd5 (15. Rxb7 $6 Qxc2 16. Re1 Rg6 17. exd5 cxd5 $18) 15... Qe5 (15... Qxc2 16. dxe6 (16. Rxb7 Qxe2 17. dxc6 Ne5 $11) 16... fxe6 17. Bh5+ Nxh5 18. Qxh5+ Rg6 19. Qxh7 Qxd3 20. Bg5 $18) 16. dxc6 Qxe2 $2 (16... bxc6 17. Bf3 Rg6) 17. cxd7+ {[%emt 0:00:22] White is clearly winning.} Nxd7 18. Ba3 {[%emt 0:00:35][%csl Ga3][%cal Rh4e7] [#]} ({But not} 18. Rxb7 $2 Qf3 19. g3 Qxb7 $19) 18... f6 19. Qb4 Rg7 {[%emt 0:01:50] Inhibits Qe7+.} 20. Qxb7 Rb8 21. Qc6 {[%emt 0:00:12] Black did not feel at home in the position after the opening.  Weighted Error Value: White=0.04 (flawless) /Black=0.52} 1-0

[Event "Fall IM-D Norm Invitational 2022"]
[Site "Charlotte"]
[Date "2022.11.20"]
[Round "5"]
[White "Estrada Nieto, Julian"]
[Black "Liu, Eric"]
[Result "1/2-1/2"]
[ECO "B51"]
[WhiteElo "2241"]
[BlackElo "2182"]
[Annotator "TA"]
[PlyCount "48"]
[EventDate "2022.11.18"]
[EventType "tourn"]
[EventCountry "USA"]
[SourceTitle "playchess.com"]
[Source "ChessBase"]
[SourceQuality "1"]
[TimeControl "5400+30"]

1. e4 c5 2. Nf3 d6 3. Bb5+ Nd7 4. d4 cxd4 5. Qxd4 a6 6. Bxd7+ Bxd7 7. Nc3 e5 8. Qd3 {[%emt 0:01:25] B51: Sicilian: Moscow Variation (3 Bb5+) without 3...Bd7.} Rc8 9. a4 ({Better is} 9. Bg5 $11 Qc7 10. O-O-O) 9... h6 10. Nd2 Be6 11. O-O Qc7 12. Rd1 Nf6 13. Nf1 Be7 14. Ne3 O-O 15. a5 Rfd8 16. Bd2 Bc4 17. Nxc4 Qxc4 18. Be3 {[%emt 0:02:55] The position is equal.} Qxd3 19. Rxd3 {[%emt 0:00:17] [#]} d5 $146 {[%emt 0:04:07] [#] ...d4 is the strong threat.} ({Predecessor:} 19... Rc4 20. f3 Rdc8 21. Kf1 Kf8 22. Ke2 Ke8 23. Kd1 Kd7 24. Ra3 Bd8 25. Rb3 Bxa5 26. Rxb7+ {1-0 (67) Xiong,J (2709)-Aditya,M (2438) Chess.com INT 2020}) 20. exd5 Bb4 21. Bb6 Rd7 22. Na2 Bf8 23. Nc3 Bb4 24. Na2 Bf8 {[%emt 0:00:44] Weighted Error Value: White=0.06 (flawless) /Black=0.04 (flawless)} 1/2-1/2

[Event "Fall IM-D Norm Invitational 2022"]
[Site "Charlotte"]
[Date "2022.11.21"]
[Round "7"]
[White "Petenyi, Tamas"]
[Black "Lee, Alice"]
[Result "1/2-1/2"]
[ECO "D04"]
[WhiteElo "2410"]
[BlackElo "2284"]
[Annotator "TA"]
[PlyCount "71"]
[EventDate "2022.11.18"]
[EventType "tourn"]
[EventCountry "USA"]
[SourceTitle "playchess.com"]
[Source "ChessBase"]
[SourceQuality "1"]
[TimeControl "5400+30"]

1. Nf3 d5 2. e3 Nf6 3. d4 Bf5 4. Bd3 Bxd3 5. Qxd3 c6 6. O-O e6 7. c4 Be7 8. Nc3 O-O 9. b3 Nbd7 10. Bb2 Bd6 11. e4 dxe4 12. Nxe4 Nxe4 13. Qxe4 Re8 {[%emt 0:08:13] C10: French with 3 Nc3: Unusual Black 3rd moves and 3...dxe4.} 14. Rad1 {[%emt 0:05:49] [#]} Qc7 $146 ({Predecessor:} 14... Qf6 15. Ne5 Rad8 16. Rd3 Qf5 17. Qxf5 exf5 18. Nxd7 Rxd7 19. Rfd1 Re2 20. R3d2 Rde7 {1-0 (52) Zoltek,T (2230)-Iwancio,L (1966) Poznan 2007}) 15. Rfe1 Rad8 16. Qc2 Qa5 17. Bc3 Qh5 18. h3 Qg6 19. Qe2 h6 20. Ba5 b6 21. Bc3 Qh5 22. Qb2 (22. Qc2 {is more complex.} Rc8 23. Ne5 Red8 24. f4) 22... Bf8 23. Rd3 Qf5 24. Rde3 Rc8 25. Ne5 Nxe5 26. Rxe5 Qg6 27. R5e3 Bd6 28. d5 cxd5 29. cxd5 Bf4 30. Re4 Bg5 (30... e5 $1 $11) 31. dxe6 ({Better is} 31. h4 $16 Bf6 32. Bxf6 Qxf6 33. Qxf6 gxf6 34. dxe6) 31... Rxe6 $11 {[%emt 0:00:36] The position is equal.} 32. Rxe6 fxe6 33. Rd1 Qf7 {[%emt 0:00:18] Inhibits Rd7.} 34. Be5 Rd8 35. Rxd8+ Bxd8 36. Qd4 {[%emt 0:01:26] Weighted Error Value: White=0.11 (very precise) /Black=0.10 (very precise)} 1/2-1/2

[Event "Fall IM-D Norm Invitational 2022"]
[Site "Charlotte"]
[Date "2022.11.21"]
[Round "7"]
[White "Marek, Matyas"]
[Black "Eidelman, Gabriel"]
[Result "0-1"]
[ECO "A08"]
[WhiteElo "2346"]
[BlackElo "2197"]
[Annotator "TA"]
[PlyCount "64"]
[EventDate "2022.11.18"]
[EventType "tourn"]
[EventCountry "USA"]
[SourceTitle "playchess.com"]
[Source "ChessBase"]
[SourceQuality "1"]
[TimeControl "5400+30"]

1. Nf3 d5 2. g3 Nf6 3. Bg2 e6 4. O-O Be7 5. d3 O-O 6. Nbd2 c5 7. e4 Nc6 8. Re1 b5 9. e5 Nd7 10. Nf1 a5 11. h4 b4 12. h5 {[%emt 0:00:32] C00: French: Unusual White 2nd moves.} h6 {[%emt 0:00:41] 12...Ba6 is vanishing.} 13. N1h2 Ba6 14. Ng4 {[%emt 0:01:57] [#] Black is slightly better.} Rc8 $146 ({Predecessor:} 14... Re8 15. Bf4 a4 16. a3 bxa3 17. bxa3 c4 18. d4 Rb8 19. Qd2 Bf8 20. c3 Qe7 {1-0 (44) Nickel,A (2606)-Wiacek,K (2518) ICCF email 2007}) 15. Be3 Re8 (15... Kh7 {with more complications.} 16. a3 bxa3 17. bxa3 Nb6) 16. Qd2 Bf8 17. Bxh6 gxh6 18. Nxh6+ Bxh6 19. Qxh6 Nd4 20. Ng5 {[%emt 0:03:35] White wants to mate with Qh7+.} Nf8 {[%emt 0:00:20] Against Qh7+} 21. g4 {[%emt 0:00:15] Inhibits Nf5.} Bb7 $2 {[%emt 0:10:39] [#]} (21... Rc7 $11 22. Rac1 c4 23. dxc4 Rxc4) 22. f4 $1 $18 {[%emt 0:21:51] Strongly threatening c3.} Qd7 (22... Nxc2 $2 23. f5 exf5 24. gxf5 $18) 23. Qf6 $2 (23. Rac1 $18) 23... Nh7 $17 24. Qh6 (24. Nxh7 $17 Kxh7 25. Rac1) 24... Nxg5 $19 25. fxg5 (25. Qxg5+ {only move.} Kh7 26. Rac1 (26. h6 $2 Rg8 $19)) 25... Qe7 $2 (25... Nxc2 $19 26. Kh2 Ba6) 26. Rf1 $15 {[%emt 0:00:17] [#] Hoping for g6.} Qf8 {[%emt 0:01:24] White must now prevent ...Qxh6.} 27. Qf6 {[%emt 0:00:43] And now g6 would win.} Qg7 ({Resist} 27... Nxc2 28. h6 Kh7 29. Qxf7+ (29. Rac1 Nd4 $11) 29... Qxf7 30. Rxf7+ Kh8 31. Raf1 $14 (31. Rc1 Nd4 $11)) 28. Qf2 (28. Rf2 $1 $15) 28... Rc7 $19 29. c3 bxc3 30. bxc3 Nc6 31. Qxc5 $2 (31. Qd2 $17) 31... Qxg5 32. Rab1 Rec8 {[%emt 0:00:48] Weighted Error Value: White=0.66/Black=0.41} 0-1